 Dungeon Crawl Stone Soup version 0.28-a0-1074-g3cb2360906 (webtiles) character file.

Game seed: 10319992678947538302

7515 Essalna the Fighter (level 10, 0/87 HPs)
             Began as a Demonspawn Air Elementalist on Dec 9, 2021.
             Was an Elder of Vehumet.
             Slain by dziebel133's ghost (13 damage)
             ... on level 10 of the Dungeon.
             The game lasted 00:36:00 (12013 turns).

Essalna the Fighter (Demonspawn Air Elementalist)  Turns: 12013, Time: 00:36:01

Health: 0/87       AC: 11    Str:  8      XL:     10   Next: 95%
Magic:  13/41      EV: 12    Int: 21 (22) God:    Vehumet [****..]
Gold:   718        SH:  0    Dex: 13      Spells: 22/27 levels left

rFire   . . .      SeeInvis .   f - +1 whip (venom)
rCold   + . .      Faith    .   (no shield)
rNeg    . . .      Spirit   .   F - +2 robe {rC+}
rPois   .          Reflect  .   (helmet restricted)
rElec   .          Harm     .   A - +2 cloak
rCorr   .          Rampage  .   B - +0 pair of gloves
Will    .....                   r - +0 pair of boots
Stlth   ++........              d - amulet of magic regeneration
HPRegen 0.24/turn               l - ring of magical power
MPRegen 0.94/turn               D - ring of magical power

@: no status effects
A: antennae 1, rugged brown scales 2, ignite blood 1, magic regeneration
a: Renounce Religion


You were on level 10 of the Dungeon.
You worshipped Vehumet.
Vehumet was greatly pleased with you.
You visited 2 branches of the dungeon, and saw 11 of its levels.
You also visited: Sewer.

You collected 718 gold pieces.

Inventory:

Hand Weapons
 f - a +1 whip of venom (weapon)
Armour
 e - a +2 cloak
 r - a +0 pair of boots (worn)
 s - a +0 troll leather armour
 A - a +2 cloak (worn)
 B - a +0 pair of gloves (worn)
 F - a +2 robe of cold resistance (worn)
Jewellery
 d - an amulet of magic regeneration (around neck)
 l - a ring of magical power (left hand)
 D - a ring of magical power (right hand)
 G - an amulet of reflection
Wands
 n - a wand of charming (4)
 w - a wand of acid (3)
 y - a wand of iceblast (5)
 C - a wand of flame (4)
Scrolls
 j - 3 scrolls of teleportation
 k - 6 scrolls of identify
 m - a scroll of immolation
 p - a scroll of summoning
 u - a scroll of blinking
Potions
 a - 2 potions of cancellation {unknown}
 b - a potion of berserk rage {unknown}
 c - 2 potions of curing {unknown}
 g - 2 potions of invisibility {unknown}
 h - a potion of might {unknown}
 i - a potion of attraction {unknown}
 o - 2 potions of lignification {unknown}
 q - a potion of haste
 t - 2 potions of brilliance {unknown}
 v - 2 potions of magic {unknown}
 x - 3 potions of degeneration {unknown}
 z - a potion of resistance {unknown}


   Skills:
 + Level 9.6 Fighting
 - Level 1.7 Dodging
 - Level 1.7 Stealth
 + Level 9.2 Spellcasting
 - Level 2.0 Conjurations
 + Level 9.4 Air Magic


You had 22 spell levels left.
You knew the following spells:

 Your Spells              Type           Power      Damage    Failure   Level
a - Shock                 Conj/Air       100%       1d9       1%          1
b - Airstrike             Air            24%        N/A       1%          4

Your spell library contained the following spells:

 Spells                   Type           Power      Damage    Failure   Level
 Ignite Poison            Fire/Tmut/Pois 9%         N/A       6%          3
 Static Discharge         Conj/Air       33%        N/A       1%          2
 Swiftness                Air            49%        N/A       1%          3
 Stone Arrow              Conj/Erth      28%        3d8       4%          3
 Ensorcelled Hibernation  Hex/Ice        18%        N/A       11%         2
 Tukima's Dance           Hex            9%         N/A       22%         3
 Iron Shot                Conj/Erth      7%         9d2       83%         6
 Lehudib's Crystal Spear  Conj/Erth      7%         10d3      100%        8


Dungeon Overview and Level Annotations

Branches:
Dungeon (10/15)            Temple (1/1) D:4             Orc (0/2) D:9
  Sewer (visited)
   Lair: D:8-11

Altars:
Ashenzari
Cheibriados
Dithmenos
Elyvilon
Fedhas
Gozag
Kikubaaqudgha
Makhleb
Nemelex Xobeh
Okawaru
Ru
Sif Muna
Uskayaw
Vehumet
Wu Jian
Xom
Yredelemnul
Zin
The Shining One
Beogh

Shops:
D:1 !   D:5 (

Annotations:
D:9 fly's ghost, novice FoDe
D:10 dziebel133's ghost, novice MiFi


Innate Abilities, Weirdness & Mutations

You have a pair of small antennae on your head.
You are mostly covered in rugged brown scales. (AC +2, +5% HP)
Your demonic aura sometimes causes spilled blood to erupt in flames.
You regenerate magic rapidly.


Message History

Casting: Airstrike (safe; 1% risk of failure)
Confirm with . or Enter, or press ? or * to list all spells.
Aiming: Airstrike (safe; 1% risk of failure)
Press: ? - help, Dir - move target, f/p - dziebel133's ghost
Aim: dziebel133's ghost (severely damaged, empty space bonus: 7/8)
The air twists around and strikes dziebel133's ghost but does no damage.
Dziebel133's ghost hits you but does no damage.
Casting: Airstrike (safe; 1% risk of failure)
Confirm with . or Enter, or press ? or * to list all spells.
Aiming: Airstrike (safe; 1% risk of failure)
Press: ? - help, Dir - move target, f/p - dziebel133's ghost
Aim: dziebel133's ghost (severely damaged, empty space bonus: 7/8)
The air twists around and strikes dziebel133's ghost.
Dziebel133's ghost is severely damaged.
Dziebel133's ghost hits you!
* * * LOW HITPOINT WARNING * * *
Casting: Airstrike (safe; 1% risk of failure)
Confirm with . or Enter, or press ? or * to list all spells.
Aiming: Airstrike (safe; 1% risk of failure)
Press: ? - help, Dir - move target, f/p - dziebel133's ghost
Aim: dziebel133's ghost (severely damaged, empty space bonus: 7/8)
The air twists around and strikes dziebel133's ghost!
Dziebel133's ghost is almost destroyed.
Dziebel133's ghost hits you but does no damage.
Casting: Airstrike (safe; 1% risk of failure)
Confirm with . or Enter, or press ? or * to list all spells.
Aiming: Airstrike (safe; 1% risk of failure)
Press: ? - help, Dir - move target, f/p - dziebel133's ghost
Aim: dziebel133's ghost (almost destroyed, empty space bonus: 7/8)
The air twists around and strikes dziebel133's ghost but does no damage.
Dziebel133's ghost hits you but does no damage.
Casting: Airstrike (safe; 1% risk of failure)
Confirm with . or Enter, or press ? or * to list all spells.
Aiming: Airstrike (safe; 1% risk of failure)
Press: ? - help, Dir - move target, f/p - dziebel133's ghost
Aim: dziebel133's ghost (almost destroyed, empty space bonus: 7/8)
The air twists around and strikes dziebel133's ghost.
Dziebel133's ghost is almost destroyed.
Dziebel133's ghost hits you!
You die...

######## ######## #.......
#......# ### #.######
#.####.# ##.###.# #
.######.## #.###...##.####
#
.........###.##..........#
#
.######..##...##...##.##.#
# #....@W..<......##.# #
##.##....##.###.##.###
#...##.#.##.# #.......
#...........# #.##.###
#...##.#.######.##.#
######+#........##Y#
##...##########.###
#.....## ###...# #......##
##.###.#


You could see dziebel133's ghost.

Vanquished Creatures
  An orange crystal statue (D:9)
  Joseph (D:9)
  Maurice (D:9)
  Maggie (D:9)
  2 trolls (D:9)
  A wyvern (D:10)
  8 yaks
  Eustachio (D:5)
  A vampire (D:9)
  2 steam dragons (D:9)
  An acid dragon (D:8)
  Pargi (Sewer)
  4 orc warriors
  2 sky beasts
  3 ogres
  2 centaurs
  4 phantoms
  Blork the orc (D:5)
  A bullfrog (D:9)
  2 scorpions
  A water moccasin skeleton (D:6)
  4 killer bees (D:9)
  9 wights
  3 howler monkeys (D:8)
  2 electric eels (D:7)
  5 centaur zombies
  5 jellies
  9 orc priests
  Crazy Yiuf (D:7)
  A bullfrog skeleton (D:5)
  A centaur skeleton (D:3)
  A gnoll shaman (D:6)
  5 hounds
  3 iguanas
  4 orc wizards
  A howler monkey zombie (D:6)
  4 gnolls (D:6)
  A howler monkey skeleton (D:5)
  3 adders
  A river rat (D:6)
  A shadow imp (D:5)
  An ufetubus (D:6)
  An adder skeleton (D:4)
  5 worms
  2 dart slugs
  55 orcs
  5 endoplasms
  6 giant cockroaches
  5 goblins
  7 hobgoblins
  3 jackals (D:5)
  3 quokkas
  7 ball pythons
  8 bats
  3 frilled lizards
  6 kobolds
  10 rats
  A spectral kobold (D:1)
233 creatures vanquished.

Vanquished Creatures (collateral kills)
  A ball python (D:4)
1 creature vanquished.

Vanquished Creatures (others)
  4 plants
  6 withered plants (D:9)
10 creatures vanquished.

Grand Total: 244 creatures vanquished

Notes
Turn   | Place    | Note
-------+----------+-------------------------------------------
     0 | D:1      | Essalna the Demonspawn Air Elementalist began the quest for
                  | the Orb.
     0 | D:1      | Reached XP level 1. HP: 13/13 MP: 3/3
   561 | D:1      | Found Subedgh's Distillery.
   569 | D:1      | Gained mutation: You regenerate magic rapidly. [demonic
                  | ancestry]
   569 | D:1      | Reached XP level 2. HP: 15/19 MP: 3/5
   985 | D:1      | Found a faded altar of an unknown god.
  1421 | D:2      | Gained mutation: You are partially covered in rugged brown
                  | scales. (AC +1, +3% HP) [demonic ancestry]
  1421 | D:2      | Reached XP level 3. HP: 19/24 MP: 1/6
  2047 | D:3      | Noticed an ogre
  2222 | D:3      | Reached XP level 4. HP: 27/31 MP: 4/8
  2227 | D:3      | Learned a level 4 spell: Airstrike
  2713 | D:3      | Found a basalt altar of Yredelemnul.
  2836 | D:3      | Reached skill level 1 in Fighting
  2931 | D:4      | Reached XP level 5. HP: 28/38 MP: 9/9
  3034 | D:4      | Found a large runed translucent door.
  3041 | D:4      | Found a large runed translucent door.
  3123 | D:4      | Found a staircase to the Ecumenical Temple.
  3138 | D:4      | Noticed an orc warrior
  3147 | Temple   | Entered the Ecumenical Temple
  3333 | Temple   | Became a worshipper of Vehumet
  3504 | D:5      | Entered Level 5 of the Dungeon
  3584 | D:5      | Noticed Eustachio
  3599 | D:5      | Killed Eustachio
  3600 | D:5      | Gained mutation: You are mostly covered in rugged brown
                  | scales. (AC +2, +5% HP) [demonic ancestry]
  3600 | D:5      | Reached XP level 6. HP: 24/48 MP: 11/11
  3798 | D:5      | Found a shimmering altar of Xom.
  3819 | D:5      | HP: 2/48 [phantom (7)]
  4130 | D:5      | Found Voaretz's Antique Weapon Boutique.
  4204 | D:5      | Gained mutation: You have a pair of small antennae on your
                  | head. [demonic ancestry]
  4204 | D:5      | Reached XP level 7. HP: 53/54 MP: 13/13
  4257 | D:5      | Reached skill level 5 in Air Magic
  4467 | D:5      | Reached * piety under Vehumet
  4467 | D:5      | Offered knowledge of Foxfire by Vehumet.
  4712 | D:5      | Reached skill level 5 in Spellcasting
  4839 | D:5      | Noticed Blork the orc
  5050 | D:5      | Killed Blork the orc
  5051 | D:5      | Reached XP level 8. HP: 64/64 MP: 13/15
  5240 | D:6      | Found a glowing drain.
  5250 | Sewer    | Entered a sewer
  5339 | Sewer    | Noticed Pargi
  5343 | Sewer    | Killed Pargi
  5344 | Sewer    | Reached skill level 5 in Fighting
  5786 | D:6      | Offered knowledge of Scorch by Vehumet.
  5789 | D:6      | Reached ** piety under Vehumet
  6270 | D:6      | Got Lehudib's Guide on Stones
  6865 | D:4      | Gained mutation: Your demonic aura sometimes causes spilled
                  | blood to erupt in flames. [demonic ancestry]
  6865 | D:4      | Reached XP level 9. HP: 17/73 MP: 9/18
  7510 | D:4      | Found a sacrificial altar of Ru.
  7513 | D:4      | Found a sparkling altar of Nemelex Xobeh.
  7728 | D:7      | Found a transporter.
  7818 | D:7      | Found a transporter.
  7964 | D:7      | Found a runed translucent door.
  7965 | D:7      | Noticed Crazy Yiuf
  7970 | D:7      | Killed Crazy Yiuf
  8218 | D:7      | Offered knowledge of Mephitic Cloud by Vehumet.
  9753 | D:9      | Noticed Maurice
  9761 | D:10     | Entered Level 10 of the Dungeon
  9832 | D:10     | Noticed a troll
  9843 | D:10     | Reached *** piety under Vehumet
  9941 | D:9      | Reached XP level 10. HP: 83/84 MP: 21/21
 10068 | D:9      | Offered knowledge of Inner Flame by Vehumet.
 10084 | D:9      | Noticed Maggie
 10096 | D:9      | Killed Maggie
 10842 | D:9      | Found an iron altar of Okawaru.
 10869 | D:9      | Found a runed translucent gate.
 10915 | D:9      | Found a runed translucent gate.
 10915 | D:9      | Found a runed translucent gate.
 10919 | D:9      | Noticed dziebel133's ghost (novice MiFi)
 10919 | D:9      | Noticed fly's ghost (novice FoDe)
 10927 | D:9      | Found a staircase to the Orcish Mines.
 10935 | D:9      | Reached **** piety under Vehumet
 10953 | D:9      | Noticed an orange crystal statue
 11037 | D:9      | Offered knowledge of Ignite Poison by Vehumet.
 11120 | D:9      | Noticed Joseph
 11125 | D:9      | Killed Joseph
 11149 | D:9      | Killed Maurice
 11610 | D:9      | Noticed a two-headed ogre
 11867 | D:9      | Killed an orange crystal statue
 12013 | D:10     | Slain by dziebel133's ghost

Illustrated notes

Levels and vault maps discovered:
D:1:      saegor_arrival_simple_e, layout_basic,
          dreamdust_ecumenical_altar_drowned_temple, serial_shops,
          nicolae_shop_crystal
D:2:      layout_rooms, kennysheep_generic_room_14
D:3:      layout_basic, mainiacjoe_overflow_catwalk
D:4:      layout_loops_ring, kennysheep_mini, jmf_multi_god_temple2,
          minmay_temple_entry_tees, hangedman_abyss_or_decor_stagger,
          guppyfry_early_orc_mine
D:5:      layout_basic, mainiacjoe_overflow_alcove_2, serial_shops,
          nicolae_shop_overgrown_old_shop, kennysheep_generic_room_3,
          uniq_blork_the_orc, uniq_eustachio
D:6:      layout_loops_corners, gup_sewer_entry_bubbles
D:7:      gammafunk_steamed_eel, layout_rooms, uniq_crazy_yiuf_cottage
D:8:      layout_gridville, grunt_ogre_cave
D:9:      layout_basic, okawaru_ov_weapons_minmay, david_orc_5,
          gammafunk_ghost_cemetery, minivault_16, uniq_joseph, uniq_maggie,
          uniq_maurice
D:10:     layout_loops_corners, grunt_temple_overflow_diamond, enter_bailey_3
Temple:   dshaligram_water_room_temple

Skill      XL: |  1  2  3  4  5  6  7  8  9 10 |
---------------+-------------------------------+-----
Air Magic      | 3 4 5 6 8 9 |  9.4
Conjurations   | 2 |  2.0
Fighting       | 1 2 3 4 6 8 9 |  9.6
Spellcasting   | 3 4 5 6 7 9 |  9.2
Dodging        | |  1.7
Stealth        | |  1.7

Action                   |  1- 3 |  4- 6 |  7- 9 | 10-12 || total
-------------------------+-------+-------+-------+-------++-------
Melee: Unarmed           |     9 |       |       |       ||     9
       Dagger            |     3 |       |       |       ||     3
       Whip              |     3 |       |    29 |    12 ||    44
 Cast: Shock             |   102 |   129 |   267 |    70 ||   568
       Airstrike         |       |     1 |    77 |    92 ||   170
Evoke: Wand              |       |     5 |       |       ||     5
  Use: Scroll            |     4 |       |     8 |     3 ||    15
       Potion            |       |       |       |     1 ||     1
Armor: Robe              |     9 |     7 |    26 |    46 ||    88
Dodge: Dodged            |     9 |    34 |    61 |    49 ||   153

Table legend: (Time is in decaauts)
 A = Elapsed time spent in this place.
 B = Non-inter-level travel time spent in this place.
 C = Inter-level travel time spent in this place.
 D = Time resting spent in this place.
 E = Time spent auto-exploring this place.
 F = Levels seen in this place.
 G = Mean time per level.
                   A        B        C        D        E       F      G
               +--------+--------+--------+--------+--------+-----+--------+
         Total |  12070 |  11354 |    716 |    176 |   9232 |  12 | 1005.8 |
       Dungeon |  11667 |  10970 |    697 |    176 |   8918 |  10 | 1166.7 |
        Temple |    206 |    187 |     19 |      0 |    175 |   1 |  206.0 |
         Sewer |    195 |    195 |      0 |      0 |    139 |   1 |  195.0 |
               +--------+--------+--------+--------+--------+-----+--------+

Top non-repeatable levels by time:
     D:9: 1820 daAuts
     D:5: 1711 daAuts
     D:6: 1436 daAuts
     D:1: 1419 daAuts
     D:4: 1355 daAuts
     D:7: 947 daAuts
     D:3: 826 daAuts
    D:10: 808 daAuts
     D:8: 795 daAuts
     D:2: 547 daAuts
  Temple: 206 daAuts
   Sewer: 195 daAuts
